Map: Oxide LE

Players

Astrea

  • Race: Protoss Protoss
  • Spawn Location: 7:00

HeRoMaRinE - Winner!

  • Race: Terran Terran
  • Spawn Location: 1:00

Event: IEM Katowice 2021

VOD

Have the link to the VOD?

Description

Time

  • Played on: Feb. 24, 2021, 9:13 a.m.
  • Length: 8:30

All games in this series

Show
View Real Time Build Order
Export as new Build Order

Astrea Protoss 

Build Orders: 1 Gate Expand, Double Forge, Phoenix Opening, Blink Stalkers 

Get SALT Encoding   

  12  0:00  Probe  
  13  0:12  Probe  
  14  0:17  Pylon  
  14  0:24  Probe (Chrono Boost)  
  15  0:36  Gateway, Probe (Chrono Boost)  
  16  0:43  Probe (Chrono Boost)  
  16  0:45  Assimilator  
  17  0:51  Probe  
  18  1:03  Probe  
  19  1:15  Probe  
  20  1:21  Nexus  
  20  1:31  Cybernetics Core  
  20  1:34  Probe  
  21  1:40  Assimilator  
  21  1:46  Probe  
  22  1:49  Pylon  
  22  1:58  Probe (Chrono Boost)  
  23  2:04  Stalker (Chrono Boost)  
  23  2:07  Warp Gate  
  25  2:11  Probe (Chrono Boost)  
  26  2:18  Probe (Chrono Boost)  
  27  2:26  Probe (Chrono Boost)  
  27  2:27  Sentry  
  30  2:34  Probe (Chrono Boost)  
  31  2:40  Twilight Council  
  31  2:43  Probe x2 (Chrono Boost)  
  33  2:48  Probe (Chrono Boost)  
  33  2:49  Probe  
  35  2:53  Gateway  
  35  2:56  Stalker  
  37  3:00  Probe  
  37  3:01  Probe, Phoenix  
  39  3:08  Pylon  
  39  3:09  Blink (Chrono Boost)  
  39  3:12  Probe  
  40  3:13  Probe  
  41  3:24  Probe  
  41  3:25  Probe  
  43  3:36  Probe  
  43  3:37  Probe  
  43  3:40  Nexus  
  45  3:49  Pylon, Probe  
  45  3:55  Probe  
  47  3:57  Stalker x2  
  47  4:02  Probe  
  52  4:07  Probe  
  53  4:11  Forge  
  53  4:14  Forge, Probe  
  54  4:19  Probe  
  54  4:20  Pylon  
  55  4:26  Stalker x2, Probe  
  61  4:31  Probe  
  61  4:37  Protoss Ground Weapons Level 1 (Chrono Boost), Phoenix  
  62  4:38  Probe  
  62  4:43  Probe  
  63  4:47  Protoss Ground Armor Level 1 (Chrono Boost)  
  63  4:50  Probe  
  64  4:53  Charge  
  64  4:54  Probe  
  64  4:55  Probe  
  66  5:02  Probe  
  66  5:07  Stalker x2, Probe x2  
  68  5:14  Gateway x2  
  73  5:18  Gateway  
  73  5:21  Probe x2  
  74  5:23  Probe  
  74  5:33  Probe x2  
  74  5:34  Gateway  
  74  5:35  Probe  
  77  5:37  Assimilator  
  77  5:38  Pylon, Assimilator, Gateway x2  
  77  5:47  Probe x2  
  79  5:52  Robotics Facility  
  79  5:56  Probe  
  80  5:59  Probe x2  
  82  6:13  Probe x2  
  84  6:19  Stalker x4  
  84  6:22  Pylon  
  84  6:23  Pylon  
  92  6:37  Pylon  
  91  6:41  Observer, Nexus  
  91  6:44  Zealot x8  
  108  6:55  Pylon  
  108  7:00  Pylon  
  108  7:05  Templar Archives  
  108  7:06  Pylon  
  108  7:08  Pylon  
  108  7:09  Zealot x4  
  108  7:13  Pylon  
  108  7:14  Zealot x4  
  124  7:18  Probe x3  
  124  7:21  Assimilator  
  126  7:30  Probe  
  126  7:34  Zealot x7  
  141  7:37  Zealot  
  141  7:40  Probe  
  128  7:45  Probe  
  128  7:49  Probe  
  92  7:56  Stalker x6  
  92  7:57  Stalker  
  88  8:04  Zealot  
  83  8:05  Probe x2  
  83  8:06  Probe  
  75  8:14  Zealot x3  
  79  8:20  Zealot x4  
  79  8:26  Stalker  
Show
View Real Time Build Order
Export as new Build Order

HeRoMaRinE Terran - Winner!

Build Orders: Reaper Expand 

Get SALT Encoding   

  12  0:00  SCV  
  13  0:12  SCV  
  14  0:17  Supply Depot  
  14  0:24  SCV  
  15  0:38  SCV  
  15  0:39  Barracks  
  15  0:42  Refinery  
  16  0:50  SCV  
  17  1:03  SCV  
  18  1:15  SCV  
  19  1:26  Reaper  
  19  1:27  Orbital Command  
  20  1:40  Command Center  
  20  1:50  Supply Depot  
  20  1:52  SCV  
  21  1:58  Marine  
  22  2:04  SCV  
  22  2:08  Factory  
  23  2:14  Refinery  
  23  2:16  SCV  
  23  2:20  Barracks Reactor  
  24  2:28  SCV  
  25  2:40  SCV  
  26  2:53  SCV, Orbital Command, Starport, Hellion  
  26  2:56  Marine  
  26  2:57  Marine  
  31  3:05  SCV  
  32  3:14  Widow Mine, Marine x2  
  32  3:17  SCV  
  32  3:19  SCV  
  38  3:22  Supply Depot  
  38  3:29  SCV  
  38  3:31  Medivac, SCV  
  38  3:32  Marine x2  
  44  3:37  Factory Tech Lab  
  44  3:41  SCV  
  45  3:43  SCV  
  46  3:50  Marine x2  
  46  3:53  SCV  
  46  3:55  SCV, Supply Depot  
  48  4:00  Siege Tank  
  48  4:01  Starport Tech Lab  
  51  4:05  SCV  
  51  4:07  SCV  
  51  4:08  Marine  
  54  4:10  Supply Depot  
  54  4:17  Marine  
  54  4:18  SCV  
  54  4:19  SCV  
  54  4:22  Raven, Command Center  
  59  4:30  SCV, Marine  
  61  4:31  SCV  
  61  4:38  Barracks  
  63  4:42  SCV  
  63  4:43  SCV, Barracks  
  65  4:45  Siege Tank  
  65  4:51  Supply Depot  
  67  4:54  SCV  
  67  4:56  Engineering Bay, Refinery x2  
  67  4:57  SCV  
  69  5:08  SCV  
  69  5:12  SCV, Barracks  
  69  5:13  Barracks  
  71  5:14  Marine x2  
  71  5:17  Siege Tank  
  71  5:20  SCV  
  77  5:25  SCV  
  78  5:29  Terran Infantry Weapons Level 1  
  78  5:33  SCV  
  78  5:34  Starport Reactor, Orbital Command  
  78  5:35  Barracks Tech Lab  
  78  5:36  Marine x2  
  78  5:37  SCV, Marine  
  82  5:43  Stimpack  
  82  5:45  SCV  
  82  5:49  SCV, Supply Depot  
  84  5:52  Supply Depot, Orbital Command  
  84  5:54  Marine x4  
  88  5:57  Siege Tank  
  88  6:00  Barracks Reactor  
  88  6:03  Barracks Tech Lab  
  91  6:04  SCV  
  91  6:05  SCV  
  90  6:12  Marine  
  90  6:13  Marauder  
  90  6:17  SCV x2  
  97  6:18  Marine  
  97  6:19  Supply Depot  
  97  6:25  Medivac x2  
  102  6:29  SCV x2  
  102  6:30  Marine  
  107  6:33  Combat Shield  
  107  6:35  Marauder  
  107  6:36  SCV  
  107  6:39  Marine x3, Refinery x2  
  107  6:41  SCV x2  
  107  6:42  Marauder  
  107  6:43  Marauder  
  113  6:47  Marine  
  113  6:48  SCV  
  113  6:53  SCV x2  
  117  6:56  Supply Depot  
  117  6:58  Marine x2  
  117  6:59  Supply Depot, Siege Tank  
  117  7:01  SCV, Supply Depot  
  121  7:04  Concussive Shells  
  121  7:05  SCV  
  121  7:07  Marine  
  121  7:08  Marine  
  125  7:15  Supply Depot  
  125  7:19  Marauder  
  125  7:21  Marauder x2, Marine x2  
  133  7:26  SCV  
  133  7:27  SCV  
  133  7:28  SCV  
  136  7:31  Marine x2  
  136  7:33  Medivac  
  136  7:36  Medivac  
  142  7:41  Marauder  
  142  7:43  Marauder x2  
  139  7:45  Marine x2  
  139  7:47  SCV  
  139  7:48  SCV x2  
  139  7:50  Marine x2  
  120  8:00  SCV  
  120  8:02  Marauder  
  120  8:03  Marine x3  
  120  8:04  Marauder  
  123  8:08  Marine x2  

Tags
 
Add a new tag
Caveats
  • Supply blocks, unpowered buildings, or Contaminate may cause inaccurate times.
  • Supply counts are checked every 10 seconds.